 Dungeon Crawl Stone Soup version 0.31-a0-810-ga77100ea1a (webtiles) character file.

Game seed: 889935564772517843

56966 avis the Spry (level 14, -21/72 HPs)
             Began as a Felid Shapeshifter on Sept 21, 2023.
             Was an Initiate of Gozag.
             Killed from afar by a deep elf knight (24 damage)
             ... with a shard of ice
             ... on level 1 of the Elven Halls.
             The game lasted 02:37:19 (20158 turns).

avis the Spry (Felid Shapeshifter)                 Turns: 20158, Time: 02:37:20

Health: -21/72     AC:  5    Str: 12    XL:     14   Next: 44%
Magic:  4/28       EV: 34    Int: 12    God:    Gozag
Gold:   1459       SH:  2    Dex: 21    Spells: 15/19 levels left
                                        Lives:  0   Deaths: 5

rFire   + .          .
                       - Unarmed
rCold   + + +        (shield unavailable)
rNeg    + + +        (body armour unavailable)
rPois   .            (helmet unavailable)
rElec   +            (cloak unavailable)
rCorr   .            (gloves unavailable)
SInv    +            (boots unavailable)
Will    ++...        Q - amulet "Homobbae" {*Slow rN++ Regen+ MP+9 Dex+3}
Stlth   ++           P - ring of Anarchy {rElec rF+ rC++ rN+ Stlth-}
HPRegen 1.12/turn    N - ring of the Octopus King {rC+ HP+2 AC+2 EV+2 SH+2}
MPRegen 0.21/turn

%: slow self (1%)
@: about to teleport, blade hands, slowed, slow
A: very small, (claws 1), fangs 3, see invisible, speed 1, shaggy fur 3,
(stealthy paws), no weapons or thrown items, no armour, multi-lived
a: Begin Untransformation, Renounce Religion, Potion Petition, Call Merchant,
Bribe Branch


You were on level 1 of the Elven Halls.
You worshipped Gozag.
Gozag was most pleased with you.
You had blades for front paws.
You visited 5 branches of the dungeon, and saw 18 of its levels.

You collected 5375 gold pieces.
You spent 2390 gold pieces at shops.
You paid 1526 gold pieces to Gozag.

Inventory:

Jewellery
 h - a +4 ring of slaying
 v - an amulet of magic regeneration
 x - a ring of resist corrosion
 H - a ring of protection from fire
 L - a ring of willpower
 N - a ring of the Octopus King (right blade hand) {rC+ HP+2 AC+2 EV+2 SH+2}
   (You found it on level 5 of the Lair of Beasts)

   [ring of protection from cold]

   AC+2:      It affects your AC (+2).
   EV+2:      It affects your evasion (+2).
   rC+:       It protects you from cold.
   HP+2:      It affects your health (+2).
   SH+2:      It affects your SH (+2).
 P - the ring of Anarchy (left blade hand) {rElec rF+ rC++ rN+ Stlth-}
   (You bought it in a shop on level 1 of the Lair of Beasts)

   [ring of protection from fire]

   rF+:       It protects you from fire.
   rC++:      It greatly protects you from cold.
   rElec:     It insulates you from electricity.
   rN+:       It protects you from negative energy.
   Stlth-:    It makes you less stealthy.
 Q - the amulet "Homobbae" (around neck) {*Slow rN++ Regen+ MP+9 Dex+3}
   (You bought it in a shop on level 5 of the Lair of Beasts)

   [amulet of regeneration]

   Dex+3:     It affects your dexterity (+3).
   rN++:      It greatly protects you from negative energy.
   MP+9:      It affects your magic capacity (+9).
   Regen+:    It increases your rate of health regeneration.
   *Slow:     It may slow you when you take damage.
Talismans
 f - a flux talisman
 l - a blade talisman (active)
 z - a maw talisman
Wands
 b - a wand of light (4)
 e - a wand of mindburst (1)
 r - a wand of digging (5)
 B - a wand of flame (35)
 C - a wand of polymorph (11)
 K - a wand of charming (5)
 M - a wand of iceblast (5)
Scrolls
 c - a scroll of enchant weapon {unknown}
 m - a scroll of poison {unknown}
 n - 8 scrolls of teleportation
 p - 7 scrolls of blinking
 q - 4 scrolls of fear
 w - a scroll of silence
 y - 3 scrolls of amnesia
 A - 4 scrolls of noise
 E - 2 scrolls of summoning
 I - a scroll of immolation {unknown}
Potions
 a - 3 potions of lignification
 d - 5 potions of brilliance
 g - a potion of attraction {unknown}
 i - 3 potions of resistance
 j - 4 potions of haste
 k - a potion of mutation
 o - 2 potions of might
 s - a potion of enlightenment {unknown}
 t - a potion of ambrosia {unknown}
 u - 3 potions of magic
 F - 3 potions of heal wounds
 J - 2 potions of invisibility {unknown}
 O - a potion of curing


   Skills:
 - Level 13.0 Fighting
 - Level 16.0 Dodging
 - Level 4.0 Stealth
 - Level 11.0 Unarmed Combat
 * Level 3.0 Spellcasting
 + Level 9.3 Translocations
 - Level 14.0 Shapeshifting


You had 15 spell levels left.
You knew the following spells:

 Your Spells              Type           Power      Damage    Failure   Level
m - Manifold Assault      Tloc           24%        N/A       5%          4

Your spell library contained the following spells:

 Spells                   Type           Power      Damage    Failure   Level
 Hailstorm                Conj/Ice       1%         3d3       58%         3
 Dispersal                Tloc           12%        N/A       63%         6
 Summon Ice Beast         Ice/Summ       1%         N/A       94%         4
 Disjunction              Tloc           12%        N/A       100%        8
 Simulacrum               Ice/Necr       Unusable   N/A       N/A         6

Dungeon Overview and Level Annotations

Branches:
Dungeon (9/15)             Temple (1/1) D:6            Lair (5/5) D:8
  Swamp (0/4) Lair:3       Spider (0/4) Lair:2        Slime (0/5) Lair:4
    Orc (2/2) D:9             Elf (1/3) Orc:2

Altars:
Ashenzari
Dithmenos
Elyvilon
Fedhas
Gozag
Hepliaklqana
Kikubaaqudgha
Makhleb
Nemelex Xobeh
Okawaru
Ru
Sif Muna
Trog
Uskayaw
Vehumet
Wu Jian
Xom
Yredelemnul
Zin
The Shining One
Jiyva

Shops:
D:7 [   Orc:1 **   Orc:2 [((!   Elf:1 :   Lair:1 =   Lair:5 =

Annotations:
Lair:1 2 transporters, exclusion: oklob plant, tinfoiltophat's ghost, journeyman DjFE
Lair:4 2 runed translucent doors, Ocsitsuh's ghost, journeyman DgEE


Innate Abilities, Weirdness & Mutations

You have blades for front paws.
((You have sharp claws.))
You have razor-sharp teeth.
You have supernaturally acute eyesight. (SInv)
You cover ground quickly. (Speed+)
Your thick and shaggy fur keeps you warm. (AC +3, rC+)
((Your paws help you pounce on unaware monsters.))
You are incapable of wielding weapons or throwing items.
You cannot wear armour.
You gain extra lives every three experience levels.


Message History

The fire elemental is moderately damaged.
The deep elf knight is no longer distracted by gold. x2
A deep elf pyromancer comes into view. It is wielding a +0 short sword.
The fire elemental misses you.
You slice the fire elemental!!
You destroy the fire elemental!
The fire elemental disappears in a puff of smoke!
The deep elf knight wields a +0 shortbow.
The deep elf knight shoots an arrow.
The arrow hits you!
You feel yourself slow down.
The deep elf knight gestures at you while chanting.
The shard of ice misses you.
The deep elf knight unwields a +0 shortbow.
The deep elf knight closely misses you.
The deep elf knight completely misses you.
Things that are here:
20 gold pieces; a +0 long sword; a +0 leather armour You miss the deep elf knight.
Your slash misses the deep elf knight.
You bite the deep elf knight, but do no damage.
The deep elf knight completely misses you.
The deep elf knight mumbles some strange words.
The deep elf knight flickers and vanishes for a moment.
The deep elf knight casts a spell at you.
The lance of force hits you!
You are knocked back by the lance of force.
You slam into the rock wall!
* * * LOW HITPOINT WARNING * * *
The deep elf knight mumbles some strange words.
The deep elf knight flickers and vanishes for a moment.
As you read the scroll labelled MIOHOD LEGRIAD, it crumbles to dust.
You feel strangely unstable.
It was a scroll of teleportation.
The deep elf knight wields a +0 shortbow.
The deep elf knight shoots an arrow.
The arrow hits you!
* * * LOW HITPOINT WARNING * * *
The deep elf pyromancer mumbles some strange words.
The deep elf pyromancer blinks!
The deep elf knight gestures at you while chanting.
The shard of ice hits you!! You partially resist.
You die...
Your body crumbles into a pile of gold.

... .# ######### ... .
#.......+ .. '# #.......#
##'##e #.......# #...'
#####...# #.e.# #...#...#
####..e#### ##+#...#...#
#...#e#...# #).....#.(.#
#........@# #.#....#...#
#...#.#...# #......#...#
######...#########.....#...#
#....#...#####...#.^...#...#
#..#.'...##......#.....#...#
#....#########...#.....#...#
#...#........#...#.<...#...#
#...#........#...#.^...'...#
#...#........#...#.....#...#


You could see 2 deep elf knights and a deep elf pyromancer.

Vanquished Creatures
  A quicksilver ooze (Lair:2)
  Josephine (Lair:5)
  A catoblepas (Lair:5)
  2 hydras
  Erica (D:9)
  4 dancing weapons (Elf:1)
  A merfolk avatar (Lair:5)
  5 orc high priests (Orc:2)
  Urug (Orc:2)
  3 skysharks
  Amaemon (D:9)
  A deep elf knight (Elf:1)
  A sea snake (Lair:4)
  Pikel (D:4)
  2 deep elf zephyrmancers (Elf:1)
  6 orc knights
  A lindwurm (Lair:3)
  3 deep elf pyromancers (Elf:1)
  An orc sorcerer (Orc:1)
  2 manticores (Lair:5)
  4 elephants
  A torpor snail (Lair:5)
  5 black mambas
  Maggie (D:7)
  Maurice (D:8)
  5 gargoyles (D:8)
  An orange demon (D:9)
  Psyche (D:8)
  10 cane toads
  5 rime drakes
  11 komodo dragons
  4 polar bears
  3 wind drakes
  A troll (Orc:1)
  A hornet (Lair:5)
  A snapping turtle (Lair:5)
  8 blink frogs
  A jumping spider (Lair:2)
  A slime creature (Lair:4)
  A culicivora (Lair:2)
  4 wraiths
  43 yaks
  3 basilisks
  Grum (D:8)
  7 wyverns
  2 steam dragons
  2 redbacks (Lair:2)
  3 wargs (Orc:1)
  Menkaure (D:7)
  12 water moccasins
  3 ice beasts
  A sky beast (D:8)
  21 orc warriors
  3 black bears
  18 wolves
  4 ogres
  2 phantoms
  A kobold brigand (D:8)
  8 bullfrogs
  3 scorpions
  5 gnoll sergeants
  11 wights
  14 killer bees
  5 howler monkeys (D:8)
  Crazy Yiuf (D:4)
  2 hounds
  4 gnoll boudas
  35 orc priests
  4 jellies
  A sleepcap (D:6)
  14 orc wizards
  4 iguanas
  6 hell rats (Lair:2)
  29 gnolls
  11 adders
  2 white imps (D:5)
  5 ufetubi
  2 worms
  2 dart slugs
  65 orcs
  9 endoplasms
  3 giant cockroaches
  10 goblins
  11 hobgoblins
  6 jackals
  6 quokkas
  8 ball pythons
  12 bats
  4 frilled lizards
  10 kobolds
  10 rats
  A spectral orc (D:3)
559 creatures vanquished.

Notes
Turn   | Place    | Note
-------+----------+-------------------------------------------
     0 | D:1      | avis the Felid Shapeshifter began the quest for the Orb.
     0 | D:1      | Reached XP level 1. HP: 9/9 MP: 2/2
   120 | D:1      | Reached skill level 3 in Dodging
   125 | D:1      | Reached XP level 2. HP: 10/12 MP: 3/3
   375 | D:1      | Found a faded altar of an unknown god.
   475 | D:1      | Reached XP level 3. HP: 11/16 MP: 4/4
   480 | D:1      | Upgraded the game from 0.31-a0-806-g0bc164a743 to
                  | 0.31-a0-810-ga77100ea1a
   922 | D:2      | Reached skill level 4 in Dodging
  1104 | D:2      | Reached XP level 4. HP: 19/19 MP: 5/5
  1590 | D:3      | Killed from afar by an orc priest
  1762 | D:2      | Reached skill level 5 in Dodging
  1888 | D:3      | Reached XP level 5. HP: 23/23 MP: 6/6
  2267 | D:3      | Found an ancient bone altar of Kikubaaqudgha.
  2322 | D:3      | Found a basalt altar of Yredelemnul.
  2588 | D:4      | Noticed a phantom
  2599 | D:3      | Killed a phantom
  2600 | D:3      | Gained mutation: You are covered in thick fur. (AC +2)
                  | [Felid growth]
  2600 | D:3      | Reached XP level 6. HP: 28/28 MP: 7/7
  2605 | D:3      | Learned a level 4 spell: Manifold Assault
  2680 | D:4      | Found a shimmering blue altar of Sif Muna.
  2765 | D:4      | You fall into a shaft and drop 2 floors!
  2781 | D:5      | Entered Level 5 of the Dungeon
  2805 | D:5      | Reached skill level 6 in Dodging
  2928 | D:4      | Found the +9 scales of the Dragon King {rPois rF+ rC+
                  | Will+}
  2959 | D:4      | Reached skill level 7 in Dodging
  3008 | D:4      | Noticed Pikel
  3042 | D:4      | Killed Pikel
  3043 | D:4      | Reached skill level 1 in Stealth
  3043 | D:4      | Reached skill level 1 in Spellcasting
  3043 | D:4      | Reached skill level 1 in Translocations
  3043 | D:4      | Reached skill level 5 in Shapeshifting
  3043 | D:4      | Reached skill level 5 in Fighting
  3043 | D:4      | Reached XP level 7. HP: 6/33 MP: 7/9
  3156 | D:4      | Reached XP level 8. HP: 38/38 MP: 10/10
  3212 | D:4      | Found an opulent altar of Gozag.
  3220 | D:4      | Became a worshipper of Gozag Ym Sagoz the Greedy
  3244 | D:4      | Found a glowing silver altar of Zin.
  3409 | D:4      | Found a runed translucent door.
  3410 | D:4      | Noticed Crazy Yiuf
  3594 | D:5      | Found a shadowy altar of Dithmenos.
  3737 | D:5      | Reached skill level 8 in Dodging
  3766 | D:5      | Found an ornate altar of the Wu Jian Council.
  3866 | D:5      | Reached skill level 9 in Dodging
  4970 | D:6      | Found a staircase to the Ecumenical Temple.
  4991 | Temple   | Entered the Ecumenical Temple
  5263 | D:7      | Reached XP level 9. HP: 41/41 MP: 13/13
  5832 | D:7      | Found Fixe's Armour Shop.
  5924 | D:7      | Noticed Menkaure
  5988 | D:7      | Killed Menkaure
  5999 | D:7      | Noticed Maggie
  6013 | D:7      | HP: 2/44 [Maggie/+1 halberd of flaming (5)]
  6015 | D:7      | Killed from afar by Maggie
  6029 | D:7      | Killed Maggie
  6111 | D:7      | Reached skill level 10 in Dodging
  6648 | D:8      | Noticed Grum
  6655 | D:7      | Reached skill level 11 in Dodging
  6750 | D:8      | Found a staircase to the Lair.
  6835 | D:8      | Noticed Maurice
  6860 | D:8      | Killed Maurice
  6861 | D:8      | Reached XP level 10. HP: 31/48 MP: 14/14
  6938 | D:8      | Noticed Psyche
  7046 | D:8      | Killed Psyche
  7047 | D:8      | Reached skill level 5 in Translocations
  7176 | D:8      | Noticed a gargoyle
  7180 | D:8      | Killed a gargoyle
  7186 | D:8      | Noticed a gargoyle
  7190 | D:8      | HP: 2/48 [gargoyle/+0 mace (9)]
  7192 | D:8      | Killed a gargoyle
  7230 | D:8      | Noticed a gargoyle
  7233 | D:8      | Killed a gargoyle
  7246 | D:8      | Noticed a gargoyle
  7252 | D:8      | Killed a gargoyle
  7262 | D:8      | Noticed a gargoyle
  7269 | D:8      | Killed a gargoyle
  7453 | D:8      | Reached skill level 10 in Fighting
  7518 | D:8      | Noticed Jeremiah
  7528 | D:8      | Killed Grum
  8078 | D:8      | Jeremiah changed into Jeremiah the wind drake
  8078 | D:8      | Noticed Jeremiah
  8089 | D:8      | Killed Jeremiah the wind drake
  8090 | D:8      | Reached skill level 12 in Dodging
  8128 | Lair:1   | Entered Level 1 of the Lair of Beasts
  8167 | Lair:1   | Found a transporter.
  8259 | Lair:1   | Noticed a cane toad
  8265 | Lair:1   | Killed a cane toad
  8266 | Lair:1   | Reached skill level 5 in Unarmed Combat
  8266 | Lair:1   | Reached XP level 11. HP: 34/54 MP: 15/15
  8483 | Lair:1   | Noticed a five-headed hydra
  8490 | Lair:1   | Noticed an oklob plant
  8490 | Lair:1   | Noticed tinfoiltophat's ghost (journeyman DjFE)
  8505 | Lair:1   | Found a transporter.
  8570 | Lair:1   | Reached skill level 13 in Dodging
  9431 | Lair:2   | Reached skill level 10 in Shapeshifting
  9801 | Lair:2   | Found a hole to the Spider Nest.
 10257 | Lair:2   | Gained mutation: Your thick and shaggy fur keeps you warm.
                  | (AC +3, rC+) [Felid growth]
 10257 | Lair:2   | Reached XP level 12. HP: 59/60 MP: 16/16
 10356 | Lair:3   | Noticed a seven-headed hydra
 10468 | Lair:2   | Slain by a hell rat
 10548 | Lair:2   | Reached skill level 14 in Dodging
 10562 | Lair:3   | Noticed a five-headed hydra
 10648 | Lair:2   | a five-headed hydra changed into a quicksilver ooze
 10648 | Lair:2   | Noticed a quicksilver ooze
 10654 | Lair:2   | Killed a quicksilver ooze
 10763 | Lair:3   | Slain by a seven-headed hydra
 10783 | Lair:3   | Killed a seven-headed hydra
 10784 | Lair:3   | Reached skill level 15 in Dodging
 10957 | Lair:3   | Found a staircase to the Swamp.
 11671 | Lair:4   | Found a large runed translucent door.
 11671 | Lair:4   | Found a large runed translucent door.
 11775 | Lair:4   | Found a staircase to the Slime Pits.
 11778 | Lair:4   | Found a viscous altar of Jiyva.
 12576 | Lair:4   | Noticed Ocsitsuh's ghost (journeyman DgEE)
 12777 | D:4      | Killed Crazy Yiuf
 13113 | D:9      | Noticed Amaemon
 13167 | D:9      | Killed Amaemon
 13168 | D:9      | Reached XP level 13. HP: 17/63 MP: 17/17
 13484 | D:9      | Found a glowing golden altar of the Shining One.
 13564 | D:9      | Found a staircase to the Orcish Mines.
 13984 | Lair:5   | Entered Level 5 of the Lair of Beasts
 14786 | Lair:4   | Slain by a komodo dragon
 15195 | Lair:5   | Noticed Josephine
 15263 | Lair:5   | Killed Josephine
 15331 | Lair:5   | Found the ring of the Octopus King
 15336 | Lair:5   | Identified a ring of the Octopus King {rC+ HP+2 AC+2 EV+2
                  | SH+2}
 16255 | Lair:1   | Bought the ring of Anarchy {rElec rF+ rC++ rN+ Stlth-} for
                  | 830 gold pieces
 16353 | Lair:5   | Bought the amulet "Homobbae" {*Slow rN++ Regen+ MP+9 Dex+3}
                  | for 1006 gold pieces
 16500 | Orc:1    | Entered Level 1 of the Orcish Mines
 16500 | Orc:1    | Noticed Erica
 16509 | D:9      | Killed Erica
 16510 | D:9      | Reached skill level 10 in Unarmed Combat
 16772 | Orc:1    | Found Mirchisoo's Merry Market.
 16779 | Orc:1    | Bought a wand of mindburst (2) for 30 gold pieces
 16779 | Orc:1    | Bought a potion of mutation for 88 gold pieces
 16779 | Orc:1    | Bought 2 potions of magic for 176 gold pieces
 16815 | Orc:1    | Found Rotwob's Assorted Antiques.
 16822 | Orc:1    | Bought a scroll labelled FIT MIWYOPIM for 35 gold pieces
 16955 | Orc:2    | Entered Level 2 of the Orcish Mines
 16965 | Orc:2    | Noticed Urug
 16978 | Orc:2    | Killed Urug
 17609 | Orc:2    | Reached XP level 14. HP: 69/69 MP: 5/18
 18106 | Orc:2    | Found a staircase to the Elven Halls.
 19357 | Orc:2    | Found Yhoi's Distillery.
 19357 | Orc:2    | Found Tifu's Antique Armour Boutique.
 19358 | Orc:2    | Found Pacos's Weapon Shop.
 19358 | Orc:2    | Found Coiqafas's Antique Weapon Boutique.
 19390 | Orc:2    | Bought a potion of heal wounds for 75 gold pieces
 19390 | Orc:2    | Bought a potion of resistance for 150 gold pieces
 19747 | Elf:1    | Entered Level 1 of the Elven Halls
 19812 | Elf:1    | Found Ynoatzye's Book Shoppe.
 20136 | Elf:1    | Reached skill level 16 in Dodging
 20158 | Elf:1    | HP: 3/72 [deep elf knight/arrow (7)]
 20158 | Elf:1    | Killed from afar by a deep elf knight

Illustrated notes

Levels and vault maps discovered:
D:1:      roderic_crop_circles_arrival_small, layout_loops_cross,
          hellmonk_ecumenical_altar_defaced_shrine,
          chequers_serial_rivers_small_b, minmay_bisected
D:2:      layout_rooms
D:3:      layout_rooms, yredelemnul_forgotten_temple_becter,
          mainiacjoe_overflow_tiny_flanked, grunt_decor_mini_mirrors,
          grunt_ministairs_8
D:4:      layout_rooms, pdpol_temple_overflow_zin_treasury_gozag_greed, tgw_sif,
          uniq_crazy_yiuf_cottage, uniq_pikel
D:5:      layout_loops_cross, mainiacjoe_overflow_catwalk,
          mainiacjoe_overflow_surrounded_room
D:6:      layout_basic, minmay_temple_entry_glass, grunt_decor_resistance
D:7:      layout_cave_pools, serial_gnoll_camp, gnoll_camp_medium_02,
          gnoll_camp_mini_hut, gnoll_camp_mini_hut, gnoll_camp_mini_shop,
          uniq_maggie, uniq_menkaure
D:8:      cheibrodos_statue_roulette, layout_basic, lair_entry_dummy,
          uniq_maurice, uniq_psyche, uniq_jeremiah, uniq_grum
D:9:      layout_small_grid, lemuel_doored_altar, orc_0_dummy,
          hangedman_abyss_or_decor_clamps, uniq_amaemon
Temple:   nicolae_temple_no_exploring_needed
Lair:1:   layout_concentric_octagons, nzn_ghost_randoct, minmay_hedge_maze,
          pdpol_lair_neglected_garden, grunt_megastairs_5
Lair:2:   layout_chaotic_city, spider_nest_entry_funnel_web
Lair:3:   layout_chaotic_city, swamp_mist_pool, wad_woods_06,
          serial_bayou_pond_a
Lair:4:   layout_regular_city, minmay_slime_entry_pillars,
          ebering_ghost_disaster_area
Lair:5:   gammafunk_lair_ancient_temple, layout_gridlike, patterned_corridor,
          serial_bayou_shore_b, uniq_josephine
Orc:1:    layout_diamond_mine, serial_shops, shop, nicolae_alphabet_shops,
          uniq_erica
Orc:2:    st_orc_pillars, layout_caves, basic_altar, mines1_david, uniq_urug
Elf:1:    layout_onion_city, serial_shops, shop, nicolae_book_shop_shelving,
          shop, hangedman_elven_crosses_minicolossus, lemuel_flame_loot_1

Skill      XL: |  1  2  3  4  5  6  7  8  9 10 11 12 13 14 |
---------------+-------------------------------------------+-----
Dodging        | 3 4 5 7 9 11 12 13 15 16 | 16.0
Fighting       | 2 4 5 6 8 10 11 12 13 | 13.0
Unarmed Combat | 4 5 6 10 11 | 11.0
Stealth        | 1 2 3 4 |  4.0
Spellcasting   | 1 2 3 |  3.0
Translocations | 1 2 4 5 7 9 |  9.3
Shapeshifting  | 5 7 9 11 13 14 | 14.0

Action                     |  1- 3 |  4- 6 |  7- 9 | 10-12 | 13-15 || total
---------------------------+-------+-------+-------+-------+-------++-------
  Melee: Unarmed           |   115 |   170 |   352 |   760 |   631 ||  2028
         Bite              |     7 |    17 |    58 |   122 |    69 ||   273
         Punch             |     2 |     6 |     7 |    14 |    31 ||    60
   Cast: Manifold Assault  |       |       |       |       |   134 ||   134
 Invoke: Call Merchant     |       |       |       |     1 |     1 ||     2
  Evoke: Wand              |       |       |       |    15 |    25 ||    40
    Use: Scroll            |       |     4 |     4 |     5 |     2 ||    15
         Potion            |       |       |     4 |     4 |     3 ||    11
   Stab: Sleeping          |     5 |     6 |     5 |     3 |     2 ||    21
         Distracted        |       |     1 |     2 |     5 |     2 ||    10
 Armour: Skin              |    26 |    65 |    95 |   186 |   149 ||   521
  Dodge: Dodged            |    55 |   149 |   347 |   766 |   472 ||  1789
  Block: Other             |       |       |       |       |    12 ||    12
   Form: Flux              |       |       |     1 |       |       ||     1
         Blade             |       |       |       |     1 |       ||     1

Table legend: (Time is in decaauts)
 A = Elapsed time spent in this place.
 B = Non-inter-level travel time spent in this place.
 C = Inter-level travel time spent in this place.
 D = Time resting spent in this place.
 E = Time spent auto-exploring this place.
 F = Levels seen in this place.
 G = Mean time per level.
                   A        B        C        D        E       F      G
               +--------+--------+--------+--------+--------+-----+--------+
         Total |  17323 |  15093 |   2230 |   3093 |   5581 |  18 |  962.4 |
       Dungeon |   8025 |   6795 |   1230 |    655 |   3224 |   9 |  891.7 |
        Temple |     10 |      8 |      2 |      0 |      0 |   1 |   10.0 |
          Lair |   5979 |   5058 |    921 |    741 |   2097 |   5 | 1195.8 |
  Orcish Mines |   2937 |   2861 |     76 |   1511 |    260 |   2 | 1468.5 |
   Elven Halls |    369 |    369 |      0 |    185 |      0 |   1 |  369.0 |
               +--------+--------+--------+--------+--------+-----+--------+

Top non-repeatable levels by time:
  Lair:5: 1636 daAuts
   Orc:1: 1595 daAuts
     D:8: 1383 daAuts
   Orc:2: 1341 daAuts
  Lair:2: 1304 daAuts
     D:6: 1099 daAuts
  Lair:4: 1082 daAuts
     D:7: 1043 daAuts
  Lair:3: 1023 daAuts
  Lair:1: 933 daAuts
     D:1: 799 daAuts
     D:2: 778 daAuts
     D:5: 746 daAuts
     D:4: 731 daAuts
     D:9: 728 daAuts
